 Dungeon Crawl Stone Soup version 0.18-a0-1789-gbeff17f (webtiles) character file.

112 M4edhros the Insei (level 4, -2/27 HPs)
             Began as an Octopode Necromancer on Apr 21, 2016.
             Slain by an ogre
             ... wielding a +0 giant club
              (26 damage)
             ... on level 4 of the Dungeon.
             The game lasted 00:10:33 (1141 turns).

M4edhros the Insei (Octopode Necromancer)           Turns: 1141, Time: 00:10:35

Health: -2/27      AC:  1    Str:  8 (10) XL:     4   Next: 95%
Magic:  0/7        EV: 12    Int: 21      God:
Gold:   108        SH:  0    Dex: 12 (13) Spells: 2 memorised, 3 levels left

rFire  . . .     SeeInvis .       - Unarmed
rCold  . . .     Gourm    .     (no shield)
rNeg   + . .     Faith    .     (helmet restricted)
rPois  .         Spirit   .     (no amulet)
rElec  .         Dismiss  .     c - ring of positive energy
rCorr  .         Reflect  .     h - +3 ring of strength
SustAt .         Harm     .     i - +4 ring of intelligence
MR     .....                    (no ring)
Stlth  +++.......               (no ring)
                                (no ring)
                                (no ring)
                                (no ring)

@: regenerating, not resistant to hostile enchantments, fairly stealthy
A: almost no armour, amphibious, 8 rings, constrict 8, camouflage 1, gelatinous
body 1
a: no special abilities


You were on level 4 of the Dungeon.
You were hungry.

You visited 1 branch of the dungeon, and saw 4 of its levels.

You collected 108 gold pieces.

Inventory:

Missiles
 e - 19 sling bullets
 g - 52 stones (quivered)
Jewellery
 c - a ring of positive energy (left tentacle)
 h - a +3 ring of strength (right tentacle)
 i - a +4 ring of intelligence (on tentacle)
Wands
 k - a wand of digging (20/24)
Scrolls
 j - a scroll of remove curse
Books
 a - a book of Necromancy

   Spells                             Type                      Level
   a - Pain                           Necromancy                   1
   b - Animate Skeleton               Necromancy                   1
   c - Vampiric Draining              Necromancy                   3
   d - Regeneration                   Charms/Necromancy            3
   e - Animate Dead                   Necromancy                   4
   f - Control Undead                 Necromancy                   4
Comestibles
 b - 2 bread rations
 f - 6 chunks of flesh


   Skills:
 - Level 2.0 Dodging
 - Level 2.6 Stealth
 + Level 4.3 Unarmed Combat
 - Level 2.0 Spellcasting
 - Level 4.0 Necromancy


You had 3 spell levels left.
You knew the following spells:

 Your Spells              Type           Power        Failure   Level  Hunger
a - Pain                  Necr           ###.         2%          1    #......
b - Regeneration          Chrm/Necr      ##........   21%         3    ###....


Dungeon Overview and Level Annotations

Branches:
Dungeon (4/15)
 Temple: D:4-7

Altars:
Nemelex Xobeh
Vehumet


Innate Abilities, Weirdness & Mutations

You cannot wear most types of armour.
You are amphibious.
You can wear up to eight rings at the same time.
You can use your tentacles to constrict eight enemies at once.
Your skin changes colour to match your surroundings (Stealth).
Your rubbery body absorbs attacks (AC +1).


Message History

The ogre is lightly wounded.
You barely miss the ogre. Your squeeze misses the ogre.
The ogre is lightly wounded.
The ogre closely misses you.
You tentacle-slap the ogre.
The ogre is lightly wounded.
The ogre hits you with a giant club!!
Ouch! That really hurt!
* * * LOW HITPOINT WARNING * * *
Drink which item? (? for menu, Esc to quit)
You feel much better. The ogre hits you with a giant club.
You closely miss the ogre.
The ogre is lightly wounded.
Casting: Pain
Confirm with . or Enter, or press ? or * to list all spells.
Your skin crawls.
You are feeling hungry.
The ogre hits you with a giant club!!
Ouch! That really hurt!
You die...

####.#### . .
#.# ... #.#
.#..
#.####....
#........#
#..#...###
######.....##
#.........##
#.....O@..#
#.........#
#....[....#
#.........#
#.......$.#
###########


You could see an ogre.

Vanquished Creatures
  A hound (D:4)
  Natasha (D:3)
  An adder (D:2)
  3 oozes
  A dart slug (D:2)
  3 worms (D:2)
  A giant gecko (D:4)
  2 giant cockroaches
  4 goblins
  2 jackals (D:2)
  4 kobolds (D:2)
  2 bats
  2 giant newts
  2 rats
29 creatures vanquished.

Notes
Turn   | Place    | Note
--------------------------------------------------------------
     0 | D:1      | M4edhros the Octopode Necromancer began the quest for the Orb.
     0 | D:1      | Reached XP level 1. HP: 11/11 MP: 3/3
   157 | D:1      | Reached skill level 1 in Unarmed Combat
   174 | D:1      | Reached XP level 2. HP: 12/17 MP: 0/5
   378 | D:2      | Found a radiant altar of Vehumet.
   671 | D:3      | Noticed Natasha
   674 | D:3      | Reached XP level 3. HP: 6/21 MP: 2/6
   681 | D:2      | Learned a level 3 spell: Regeneration
   803 | D:2      | Found a sparkling altar of Nemelex Xobeh.
   989 | D:3      | Killed Natasha
   989 | D:3      | Reached XP level 4. HP: 14/27 MP: 2/7
  1129 | D:4      | Noticed an ogre
  1141 | D:4      | Slain by an ogre

Vault maps used:
D:1:      lightli_arrival_chessboard
D:2:      nicolae_overflow_hidden_temple, fiery_altar_vehumet,
          minmay_misc_feat_rugged, grunt_decor_fettered
D:3:      overflow_temple_1_default, corexii_shack, uniq_crazy_yiuf_cottage,
          uniq_natasha
D:4:      kennysheep_generic_room_3

Skill      XL: |  1  2  3  4 |
---------------+-------------+-----
Unarmed Combat | 1 2 3 4 |  4.3
Dodging        | |  2.0
Stealth        | |  2.6
Spellcasting   | |  2.0
Necromancy     | |  4.0

Action                   |  1- 3 |  4- 6 || total
-------------------------+-------+-------++-------
Melee: Unarmed           |    35 |    12 ||    47
       Tentacles         |     8 |     2 ||    10
       Constrict         |     5 |     2 ||     7
       Punch             |     1 |       ||     1
 Cast: Pain              |    41 |     5 ||    46
       Regeneration      |     4 |     3 ||     7
  Use: Potion            |     5 |     2 ||     7
       Scroll            |     3 |     3 ||     6
 Stab: Sleeping          |       |     1 ||     1
  Eat: Chunk             |     1 |     1 ||     2
Armor: Skin              |     3 |       ||     3
Dodge: Dodged            |    22 |     8 ||    30
